 Dungeon Crawl Stone Soup version 0.30-a0-135-g630cfc4551 (webtiles) character file.

Game seed: 18069546381682132662

27690 Flugkiller the Marksant (level 13, -4/106 HPs)
             Began as a Formicid Hunter on Sept 20, 2022.
             Was a Follower of Uskayaw.
             Slain by a death yak (30 damage)
             ... on level 4 of the Lair of Beasts.
             The game lasted 00:18:27 (17040 turns).

Flugkiller the Marksant (Formicid Hunter)          Turns: 17040, Time: 00:18:28

Health: -4/106     AC: 22    Str: 17    XL:     13   Next: 67%
Magic:  20/20      EV:  2    Int:  9    God:    Uskayaw [*.....]
Gold:   1038       SH:  0    Dex: 21    Spells: 12/12 levels left

rFire   . . .      SeeInvis +    L - +0 arbalest
rCold   . . .      Faith    .    t - orb {light}
rNeg    . . .      Spirit   .    M - +4 scale mail
rPois   .          Reflect  .    (helmet unavailable)
rElec   .          Harm     .    l - +2 cloak
rCorr   .          Rampage  .    (no gloves)
Will    +....                    H - +2 pair of boots
Stlth   +.........               (no amulet)
HPRegen 0.27/turn                p - +4 ring of protection
MPRegen 0.17/turn                v - +4 ring of evasion

@: sleeping, glowing, studying Ranged Weapons
A: permanent stasis, dig shafts and tunnels, antennae 3, four strong arms
a: Dig, Shaft Self, Renounce Religion, Stomp


You were on level 4 of the Lair of Beasts.
You worshipped Uskayaw.
Uskayaw was aware of your devotion.
You visited 3 branches of the dungeon, and saw 16 of its levels.
You also visited: Volcano.

You collected 1102 gold pieces.
You spent 64 gold pieces at shops.

Inventory:

Hand Weapons
 x - a +2 vampiric short sword
   (You took it off a kobold on level 3 of the Dungeon)
 G - a +1 scimitar of flaming
   (You took it off Erica on level 8 of the Dungeon)
 L - a +0 arbalest (weapon)
   (You took it off an orc warrior on level 11 of the Dungeon)
Missiles
 f - 8 curare-tipped darts
 K - a throwing net
Armour
 k - a +0 buckler
   (You took it off a gnoll sergeant on level 10 of the Dungeon)
 l - a +2 cloak (worn)
   (You found it on level 1 of the Dungeon)
 s - a +2 robe of willpower
   (You took it off Jessica on level 2 of the Dungeon)
 t - an orb of light (worn)
   (You found it on level 6 of the Dungeon)
 z - a +2 robe of resistance
   (You took it off a wight on level 6 of the Dungeon)
 H - a +2 pair of boots (worn)
   (You found it on level 8 of the Dungeon)
 M - a +4 scale mail (worn)
   (You took it off a gnoll sergeant on level 10 of the Dungeon)
 N - a +0 troll leather armour
   (You found it on level 11 of the Dungeon)
Jewellery
 c - a ring of protection from cold
   (You found it on level 3 of the Lair of Beasts)
 m - a ring of willpower
   (You took it off a centaur on level 9 of the Dungeon)
 p - a +4 ring of protection (left hand)
   (You found it on level 3 of the Dungeon)
 v - a +4 ring of evasion (right hand)
   (You found it on level 8 of the Dungeon)
 O - the ring "Uthas" {rF+ rC+}
   (You found it on level 1 of the Lair of Beasts)

   [ring of protection from fire]

   rF:        It protects you from fire.
   rC:        It protects you from cold.
Wands
 y - a wand of flame (5)
   (You found it on level 4 of the Lair of Beasts)
 E - a wand of iceblast (12)
   (You found it on level 7 of the Dungeon)
 F - a wand of digging (9)
   (You took it off Sonja on level 11 of the Dungeon)
Scrolls
 b - a scroll of immolation
 d - 3 scrolls of vulnerability
 g - a scroll of magic mapping
 n - a scroll of torment
 o - 5 scrolls of fog
 r - 4 scrolls of identify
 B - a scroll of brand weapon
 C - 3 scrolls of poison
 D - 2 scrolls of enchant weapon
Potions
 i - 7 potions of brilliance
 j - 3 potions of attraction
 q - 6 potions of curing
 u - 3 potions of mutation
 w - 4 potions of heal wounds
 I - a potion of invisibility
 P - a potion of magic
Miscellaneous
 h - a piece from Xom's chessboard (15/15)
   (You found it on level 3 of the Lair of Beasts)


   Skills:
 + Level 11.4 Fighting
 + Level 16.0 Ranged Weapons
 + Level 5.8 Armour
 - Level 8.1 Dodging
 - Level 5.7 Stealth
 - Level 10.0 Invocations
 - Level 6.0 Evocations


You had 12 spell levels left.
You didn't know any spells.
Your spell library contained the following spells:

 Spells                   Type           Power      Damage    Failure   Level
 Apportation              Tloc           0%         N/A       77%         1
 Foxfire                  Conj/Fire      0%         2x1d4     77%         1
 Necrotise                Necr           0%         1d4       77%         1
 Summon Small Mammal      Summ           0%         N/A       77%         1
 Gell's Gravitas          Tloc           0%         N/A       98%         3
 Inner Flame              Hex/Fire       0%         N/A       98%         3
 Kindle Blastsparks       Fire/Tloc/Air  0%         2d10      98%         3
 Lesser Beckoning         Tloc           0%         N/A       98%         3
 Teleport Other           Tloc           0%         N/A       98%         3
 Flame Wave               Conj/Fire      0%         2d4       100%        4
 Fireball                 Conj/Fire      0%         3d3       100%        5
 Iskenderun's Battlesphe  Conj           0%         2d6       100%        5
 Conjure Ball Lightning   Conj/Air       0%         3x3d6     100%        6
 Orb of Destruction       Conj           0%         9d5       100%        7


Dungeon Overview and Level Annotations

Branches:
Dungeon (11/15) Zot: 25248  Temple (1/1) D:6 Zot: 5916    Lair (4/5) D:8 Zot: 19099
 Shoals (0/4) Lair:2        Snake (0/4) Lair:2          Orc (0/2) D:11
Volcano (visited)
  Slime: Lair:4-5

Altars:
Ashenzari
Cheibriados
Dithmenos
Elyvilon
Fedhas
Gozag
Hepliaklqana
Kikubaaqudgha
Makhleb
Nemelex Xobeh
Okawaru
Qazlal
Ru
Sif Muna
Trog
Uskayaw
Vehumet
Wu Jian
Xom
Yredelemnul
Zin
The Shining One
Jiyva

Shops:
D:2 !   D:4 *   D:7 ?

Annotations:
D:6 2 runed translucent doors
D:7 Joseph
Lair:1 exclusion: oklob plant


Innate Abilities, Weirdness & Mutations

You cannot be hasted, slowed, berserked, paralysed or teleported.
You can dig through walls and to a lower floor.
You have a pair of large antennae on your head. (SInv)
Your four strong arms can wield two-handed weapons with a shield.


Message History

The bolt hits the bullfrog.
The bullfrog is severely wounded.
You hear a bellow! x2
The bullfrog misses you.
A dream sheep comes into view.
A death yak comes into view.
You shoot a bolt. The death yak bellows!
The bolt hits the bullfrog!!
You kill the bullfrog!
You hear a bleat!
A death yak comes into view.
The dream sheep ruffle their wool and motes of dream dust sparkle, to no effect.
A death yak comes into view.
You shoot a bolt. The death yak bellows!
The bolt hits the dream sheep!!
You kill the dream sheep!
You can now pass through a line of other dancers.
Training target 10.0 for Invocations reached!
Your Invocations skill increases to level 10!
You shoot a bolt. The dream sheep bleats!
The bolt hits the death yak!!
The death yak is moderately wounded.
The dream sheep shake their wool and sparkle.
You feel drowsy...
You fall asleep.
A death yak comes into view.
The dream sheep bites you but does no damage.
The death yak gores you!!!
You wake up.
Ouch! That really hurt!
Okay, then.
Unknown command.
The death yak attacks as you move away! The death yak gores you!!
* * * LOW HITPOINT WARNING * * *
The dream sheep closely misses you.
Unknown command.
As you read the scroll of summoning, it crumbles to dust.
Wisps of shadow whirl around you... The death yak gores you.
* * * LOW HITPOINT WARNING * * *
The dream sheep misses you. The dream sheep barely misses you.
The death yak gores your komodo dragon!!
The death yak attacks as you move away!
The death yak gores you but does no damage.
The dream sheep attacks as you move away!
The dream sheep bites you but does no damage.
Your six-headed hydra bites the dream sheep!
Your six-headed hydra barely misses the dream sheep.
Your six-headed hydra bites the dream sheep! x2
The dream sheep dies!
You swap places.
The death yak gores your six-headed hydra! x2
The dream sheep bites your six-headed hydra.
Your cane toad stings the death yak but does no damage.
Your six-headed hydra bites the death yak!
Your six-headed hydra bites the death yak.
Your six-headed hydra bites the death yak but does no damage.
Your six-headed hydra bites the death yak! x2
Your six-headed hydra bites the death yak but does no damage.
Your komodo dragon bites the death yak!
You can no longer pass through a line of other dancers.
The death yak gores your six-headed hydra!
Something gores your six-headed hydra!
The dream sheep bites your six-headed hydra!
The dream sheep shake their wool and sparkle.
You feel drowsy...
You fall asleep.
Your cane toad barely misses the death yak.
Your komodo dragon bites the death yak.
Your six-headed hydra bites the dream sheep but does no damage.
Your six-headed hydra bites the dream sheep!
Your six-headed hydra bites the dream sheep. x2
The dream sheep dies!
Your six-headed hydra barely misses something.
Your six-headed hydra bites something!
The death yak barely misses your six-headed hydra.
Something gores your six-headed hydra!
The death yak gores your komodo dragon!!
Your cane toad stings the death yak!
The death yak looks as sick as possible!
Your cane toad poisons the death yak!
Your six-headed hydra bites the dream sheep.
Your six-headed hydra bites the dream sheep! x2
The dream sheep dies!
Your six-headed hydra bites something! x3
Your komodo dragon bites the death yak!!
Your Ranged Weapons skill increases to level 16!
The death yak dies!
Something gores your six-headed hydra!
Your six-headed hydra barely misses the death yak.
Your six-headed hydra bites the death yak!
Your six-headed hydra bites the death yak but does no damage.
Your six-headed hydra barely misses the death yak.
Your six-headed hydra bites the death yak!
Your six-headed hydra bites the death yak but does no damage.
Your komodo dragon bites the death yak.
Your piece from Xom's chessboard (15/15) has regained one charge.
Something gores your six-headed hydra!
Your six-headed hydra dies!
Your six-headed hydra's corpse dissolves into shadows!
The death yak gores you!!
You die...

##...............##
#............>...#
##................. ..
#.................. ..#
###................ ...#
###................. #...#
##...................
.....#
#...##..............#
#....##Y{#@#.............##
##........Y###..........##
.......lYY## #..... ..P
....$.....# #....
..........# ##.
...........# ...........#
.....†....## { ..........P


You could see 2 death yaks, a dream sheep and a friendly komodo dragon
(summoned).

Vanquished Creatures
  Erica (D:8)
  A two-headed ogre (D:11)
  4 death yaks
  Sonja (D:11)
  Maurice (D:11)
  4 black mambas
  3 gargoyles (Volcano)
  A kobold demonologist (D:11)
  2 unseen horrors (D:11)
  A komodo dragon (Lair:1)
  7 cane toads
  A rime drake (Lair:2)
  A polar bear (Lair:2)
  A troll (D:11)
  8 blink frogs (Lair:2)
  A harpy skeleton (Volcano)
  A dream sheep (Lair:4)
  3 flying skulls (Volcano)
  An alligator skeleton (Volcano)
  A wyvern (Lair:1)
  A basilisk (Lair:2)
  39 yaks
  3 steam dragons
  16 water moccasins
  3 ice beasts
  6 orc warriors
  3 black bears
  6 wolves (Lair:2)
  3 centaurs
  2 phantoms (D:7)
  A kobold brigand (D:6)
  9 bullfrogs
  A necrophage (D:8)
  A gnoll sergeant (D:10)
  4 scorpions
  10 wights
  21 killer bees
  A spriggan skeleton (Volcano)
  2 troll skeletons (Volcano)
  3 electric eels
  A howler monkey (D:10)
  5 jellies
  4 hounds
  7 orc priests
  A gnoll bouda (D:6)
  Jessica (D:2)
  4 iguanas
  7 orc wizards
  4 naga skeletons (Volcano)
  A boggart simulacrum (D:11)
  7 gnolls
  14 adders
  A white imp (D:7)
  2 ufetubi
  2 worms
  2 dart slugs
  34 orcs
  2 bats
  7 endoplasms
  2 giant cockroaches
  5 goblins
  6 hobgoblins
  5 jackals (D:2)
  8 kobolds
  3 quokkas (D:4)
  5 ball pythons
  2 frilled lizards
  7 rats
328 creatures vanquished.

Vanquished Creatures (collateral kills)
  A death yak (Lair:4)
  3 dream sheep (Lair:4)
  2 killer bees (D:10)
  2 gnolls (D:10)
8 creatures vanquished.

Vanquished Creatures (others)
  17 fungi
  12 plants
29 creatures vanquished.

Grand Total: 365 creatures vanquished

Notes
Turn   | Place    | Note
-------+----------+-------------------------------------------
     0 | D:1      | Flugkiller the Formicid Hunter began the quest for the Orb.
     0 | D:1      | Reached XP level 1. HP: 16/16 MP: 1/1
   104 | D:1      | Found a faded altar of an unknown god.
   116 | D:1      | Reached XP level 2. HP: 23/23 MP: 2/2
   708 | D:2      | Found Teaheme's Distillery.
   798 | D:2      | Reached XP level 3. HP: 21/28 MP: 3/3
   947 | D:2      | Noticed Jessica
   952 | D:2      | Killed Jessica
   953 | D:2      | Reached XP level 4. HP: 34/34 MP: 4/4
  1463 | D:3      | Reached XP level 5. HP: 41/41 MP: 5/5
  1811 | D:4      | Noticed a black bear
  1818 | D:4      | Killed a black bear
  1819 | D:4      | Reached XP level 6. HP: 36/48 MP: 6/6
  1951 | D:4      | Found Gofra's Serpentskin Sales.
  2062 | D:4      | Reached skill level 5 in Ranged Weapons
  2280 | D:5      | Entered Level 5 of the Dungeon
  2334 | D:5      | Noticed an ice beast
  2346 | D:5      | Killed an ice beast
  2347 | D:5      | Reached XP level 7. HP: 52/54 MP: 7/7
  2563 | D:5      | Reached skill level 5 in Stealth
  2953 | D:5      | Reached skill level 5 in Fighting
  2953 | D:5      | Reached XP level 8. HP: 52/62 MP: 8/8
  3382 | D:6      | Found a staircase to the Ecumenical Temple.
  3406 | Temple   | Entered the Ecumenical Temple
  4184 | D:6      | Reached skill level 6 in Ranged Weapons
  4555 | D:6      | Reached skill level 5 in Dodging
  4743 | D:6      | Found a hide-covered altar of Uskayaw.
  4807 | D:6      | Became a worshipper of Uskayaw the Reveller
  4869 | D:6      | Reached * piety under Uskayaw
  4870 | D:6      | Reached XP level 9. HP: 69/69 MP: 9/9
  4873 | D:6      | Reached ** piety under Uskayaw
  4877 | D:6      | Reached *** piety under Uskayaw
  5094 | D:6      | Found a runed translucent door.
  5096 | D:6      | Found a runed translucent door.
  5389 | D:7      | Found Ylaon's Magic Scroll Shoppe.
  5398 | D:7      | Bought a scroll of identify for 32 gold pieces
  5398 | D:7      | Bought a scroll of identify for 32 gold pieces
  5398 | D:7      | Identified a scroll of acquirement
  5426 | D:7      | Noticed Joseph
  5467 | D:6      | Reached skill level 7 in Ranged Weapons
  5539 | D:7      | Reached skill level 8 in Ranged Weapons
  5883 | D:7      | Found a blossoming altar of Fedhas.
  5883 | D:7      | Found a snail-covered altar of Cheibriados.
  5890 | D:7      | Found a glowing silver altar of Zin.
  5893 | D:7      | Found a shadowy altar of Dithmenos.
  5893 | D:7      | Found a shimmering altar of Xom.
  5896 | D:7      | Found a basalt altar of Yredelemnul.
  5902 | D:7      | Found a radiant altar of Vehumet.
  5908 | D:7      | Reached skill level 1 in Evocations
  6069 | D:7      | Found an ancient bone altar of Kikubaaqudgha.
  6635 | D:8      | Reached skill level 9 in Ranged Weapons
  6775 | D:8      | Reached **** piety under Uskayaw
  6781 | D:8      | Reached XP level 10. HP: 74/77 MP: 10/10
  6868 | D:8      | Noticed Erica
  6895 | D:8      | Killed Erica
  6896 | D:8      | Reached skill level 5 in Evocations
  7056 | D:8      | Found a staircase to the Lair.
  7191 | D:8      | Reached skill level 10 in Ranged Weapons
  7557 | D:8      | Found a sparkling altar of Nemelex Xobeh.
  7557 | D:8      | Found an opulent altar of Gozag.
  8244 | D:9      | Reached skill level 11 in Ranged Weapons
  8459 | D:9      | Found a sacrificial altar of Ru.
  8473 | D:9      | Noticed a two-headed ogre
  8637 | D:8      | Acquired a manual of Ranged Weapons
  8730 | D:9      | Reached skill level 1 in Invocations
  9085 | D:10     | Entered Level 10 of the Dungeon
  9105 | D:10     | Identified the +0 ring mail "Suydieg" {rElec rN+ Dex+3}
  9728 | D:10     | Reached XP level 11. HP: 84/84 MP: 12/12
  9733 | D:10     | Reached ***** piety under Uskayaw
  9741 | D:10     | Reached ****** piety under Uskayaw
  9951 | D:10     | Reached skill level 12 in Ranged Weapons
 10223 | D:11     | Found a shimmering altar of Xom.
 10223 | D:11     | Found a shimmering altar of Xom.
 10223 | D:11     | Found a shimmering altar of Xom.
 10224 | D:11     | Noticed Maurice
 10237 | D:11     | Killed Maurice
 10238 | D:11     | Found a shimmering altar of Xom.
 10239 | D:11     | Found a shimmering altar of Xom.
 10240 | D:11     | Found a shimmering altar of Xom.
 10537 | D:11     | Noticed Sonja
 10544 | D:11     | Killed Sonja
 10545 | D:11     | Reached skill level 5 in Invocations
 11245 | D:11     | Noticed a two-headed ogre
 11275 | D:11     | Killed a two-headed ogre
 11276 | D:11     | Reached skill level 13 in Ranged Weapons
 11310 | D:11     | Found a staircase to the Orcish Mines.
 11581 | D:11     | Reached XP level 12. HP: 67/95 MP: 16/16
 11788 | Lair:1   | Entered Level 1 of the Lair of Beasts
 11799 | Lair:1   | Identified the ring "Uthas" {rF+ rC+}
 12912 | Lair:1   | Found a sparkling altar of Nemelex Xobeh.
 13117 | Lair:2   | Reached skill level 14 in Ranged Weapons
 13632 | Lair:2   | Reached skill level 1 in Armour
 13633 | Lair:2   | Reached skill level 10 in Fighting
 13635 | Lair:2   | Found a staircase to the Shoals.
 14111 | Lair:2   | Found a staircase to the Snake Pit.
 14313 | Lair:3   | Noticed a death yak
 14435 | Lair:3   | Identified the +1 helmet "Uttiddav" {Dex+2}
 14441 | Lair:3   | Noticed a death yak
 14442 | Lair:3   | Noticed a death yak
 14491 | Lair:3   | Killed a death yak
 14863 | Lair:3   | Noticed a death yak
 15069 | Lair:2   | Killed a death yak
 15070 | Lair:2   | Reached XP level 13. HP: 97/104 MP: 19/19
 15213 | Lair:3   | Reached skill level 15 in Ranged Weapons
 15457 | Lair:4   | Found a viscous altar of Jiyva.
 15681 | Lair:4   | Found a dark tunnel.
 15694 | Volcano  | Entered a volcano
 16703 | Lair:4   | Reached skill level 5 in Armour
 16758 | Lair:4   | Found the +8 whip "Snakebite" {venom, curare, rPois}
 17028 | Lair:4   | Reached skill level 10 in Invocations
 17039 | Lair:4   | Reached skill level 16 in Ranged Weapons
 17040 | Lair:4   | Slain by a death yak

Illustrated notes

Levels and vault maps discovered:
D:1:      shiori_arrival_whats_in_store_for_you, layout_basic,
          hellmonk_ecumenical_altar_pennies_from_heaven,
          minmay_shallow_snake_nest
D:2:      layout_basic, serial_shops, shop_fountains, minmay_misc_feat_roman,
          uniq_jessica
D:3:      layout_rooms, serial_glass, glass_columns_a, glass_columns_a,
          grunt_decor_arrowhead, kennysheep_generic_room_15
D:4:      layout_cave_pools, guppyfry_shop_venom
D:5:      layout_loops_ring
D:6:      lemuel_insect_pit, layout_cave_pools, mainiacjoe_overflow_brackets,
          minmay_temple_entry_gardened_gates, nicolae_lava_and_water,
          grunt_ministairs_13, minmay_curled_crystal, item_on_display_a
D:7:      layout_cave_pods, kiku_gazebo_garden_becter,
          nicolae_overflow_hallway_of_the_gods, nicolae_stop_n_shop_2,
          nicolae_fountain_basement, uniq_joseph
D:8:      nicolae_cairo_tiling_large_dashed, layout_basic,
          grunt_temple_overflow_opulence, lair_entry_dummy, uniq_erica
D:9:      layout_irregular_city, kennysheep_mini, minmay_holes
D:10:     layout_roguey
D:11:     layout_irregular_city, david_orc_4, xom_redecorated, uniq_maurice,
          uniq_sonja
Temple:   cyrus_temple_forest
Lair:1:   statuecave_lemuel, layout_hall_layers, nicolae_quartered_pool_super,
          chequers_serial_rivers_micro_d, lemuel_oklob_altar
Lair:2:   layout_roguey, elwin_shoals_entry_rocks
Lair:3:   layout_regular_city
Lair:4:   minmay_guarded_unrand_snakebite, layout_cave_pods,
          nicolae_slime_entry_slimehenge, nicolae_volcano_entry_lava_flow

Skill      XL: |  1  2  3  4  5  6  7  8  9 10 11 12 13 |
---------------+----------------------------------------+-----
Dodging        | 2 3 4 5 7 8 |  8.1
Stealth        | 2 3 4 5 |  5.7
Fighting       | 3 4 5 6 7 9 10 11 | 11.4
Ranged Weapons | 5 6 9 11 13 14 16 | 16.0
Evocations     | 4 6 |  6.0
Invocations    | 2 6 8 10 | 10.0
Armour         | 2 5 |  5.8

Action                   |  1- 3 |  4- 6 |  7- 9 | 10-12 | 13-15 || total
-------------------------+-------+-------+-------+-------+-------++-------
 Fire: Shortbow          |    61 |   139 |   397 |   437 |       ||  1034
       Arbalest          |       |       |       |   276 |   194 ||   470
Throw: Dart              |       |       |     1 |       |       ||     1
Evoke: Wand              |       |       |       |    20 |     5 ||    25
       Piece from Xom's  |       |       |       |       |     2 ||     2
  Use: Scroll            |       |       |    11 |    10 |     2 ||    23
       Potion            |       |       |       |    12 |     2 ||    14
Armor: Leather armour    |     9 |       |       |       |       ||     9
       Robe              |       |    22 |   105 |    49 |       ||   176
       Skin              |       |       |       |    31 |       ||    31
       Scale mail        |       |       |       |   115 |    78 ||   193
Dodge: Dodged            |    12 |    32 |   258 |   504 |   165 ||   971

Table legend: (Time is in decaauts)
 A = Elapsed time spent in this place.
 B = Non-inter-level travel time spent in this place.
 C = Inter-level travel time spent in this place.
 D = Time resting spent in this place.
 E = Time spent auto-exploring this place.
 F = Levels seen in this place.
 G = Mean time per level.
                   A        B        C        D        E       F      G
               +--------+--------+--------+--------+--------+-----+--------+
         Total |  17368 |  16360 |   1008 |   5187 |   8037 |  17 | 1021.6 |
       Dungeon |  11877 |  11122 |    755 |   3336 |   5637 |  11 | 1079.7 |
        Temple |     83 |     58 |     25 |      0 |     49 |   1 |   83.0 |
          Lair |   4900 |   4673 |    227 |   1557 |   2260 |   4 | 1225.0 |
       Volcano |    507 |    507 |      0 |    294 |     90 |   1 |  507.0 |
               +--------+--------+--------+--------+--------+-----+--------+

Top non-repeatable levels by time:
     D:6: 2057 daAuts
  Lair:1: 1708 daAuts
     D:8: 1577 daAuts
    D:11: 1359 daAuts
    D:10: 1346 daAuts
  Lair:3: 1261 daAuts
     D:9: 1212 daAuts
     D:5: 1123 daAuts
  Lair:2: 977 daAuts
  Lair:4: 952 daAuts
     D:7: 871 daAuts
     D:1: 693 daAuts
     D:2: 632 daAuts
     D:4: 507 daAuts
 Volcano: 507 daAuts
